 Dungeon Crawl Stone Soup version 0.30.1-9-gdf580d7c3d (webtiles) character file.

Game seed: 11741788094363261379

28 sizableburger the Slasher (level 3, -2/29 HPs)
             Began as a Human Monk on Sept 25, 2023.
             Slain by a worm (8 damage)
             ... on level 2 of the Dungeon.
             The game lasted 00:02:15 (534 turns).

sizableburger the Slasher (Human Monk)               Turns: 534, Time: 00:02:16

Health: -2/29      AC:  2    Str: 11    XL:     3   Next: 30%
Magic:  3/3        EV: 13    Int: 10    God:
Gold:   25         SH:  0    Dex: 17    Spells: 2/2 levels left

rFire   . . .        a - +0 falchion
rCold   . . .        d - orb {light}
rNeg    . . .        b - +0 robe
rPois   .            (no helmet)
rElec   .            (no cloak)
rCorr   .            (no gloves)
SInv    .            (no boots)
Will    .....        (no amulet)
Stlth   +            (no ring)
HPRegen 0.24/turn    (no ring)
MPRegen 0.08/turn

%: no passive effects
@: glowing
A: no striking features
a: no special abilities


You were on level 2 of the Dungeon.
You visited 1 branch of the dungeon, and saw 2 of its levels.

You collected 25 gold pieces.

Inventory:

Hand Weapons
 a - a +0 falchion (weapon)
Armour
 b - a +0 robe (worn)
 d - an orb of light (worn)
Scrolls
 e - a scroll of amnesia {unknown}
 g - 2 scrolls of teleportation {unknown}
Potions
 c - a potion of ambrosia
 f - a potion of haste {unknown}


   Skills:
 + Level 3.6 Fighting
 + Level 3.6 Long Blades
 - Level 3.0 Dodging


You had 2 spell levels left.
You didn't know any spells.
Your spell library was empty.

Dungeon Overview and Level Annotations

Branches:
Dungeon (2/15)

Altars:


Message History

You now have 25 gold pieces (gained 6).
Done exploring.
Done exploring.
There is a stone staircase leading down here.
You climb downwards.
The gnoll shouts!
The adder hisses angrily.
You hear a shout!
Found 15 gold pieces.
Found a stone staircase leading down.
There is a stone staircase leading up here.
A bat comes into view.
Found 8 gold pieces.
You hit the adder but do no damage. You barely miss the adder.
A bat comes into view.
The adder misses you. The ball python barely misses you.
The ball python grabs you. The ball python constricts you.
An endoplasm comes into view.
The gnoll hits you from afar with a +0 spear.
The adder barely misses you.
The bat moves out of view.
You hit the ball python.
The ball python is moderately wounded.
The ball python misses you. The ball python constricts you.
The quokka closely misses you. The adder completely misses you.
The gnoll hits you from afar with a +0 spear!
A goblin comes into view. It is wielding a +0 club.
The ball python bites you but does no damage.
The ball python constricts you. The quokka completely misses you.
You barely miss the ball python.
The ball python is moderately wounded.
The adder closely misses you. The ball python barely misses you.
The ball python constricts you. The gnoll barely misses you.
The quokka misses you. The adder bites you.
You hit the ball python.
You kill the ball python!
The bat hits you but does no damage. The quokka barely misses you.
The gnoll closely misses you. The adder barely misses you. The worm bites you!
* * * LOW HITPOINT WARNING * * *
Unknown command.
Unknown command.
The bat barely misses you. The quokka closely misses you. The worm bites you!
You die...

.##.. .. ....
##. #... .#.
#.#. .J
...###.# .
#.$...##.##
##.S#g.....$
##...rg..#
#...@wS#.#
#.........#
+.....b.>....
#..........#.#
##.......#....
##.....######
##...## ##+##


You could see a worm, a gnoll, an adder, an endoplasm, a quokka, a goblin, a bat
and a ball python.

Vanquished Creatures
  3 dart slugs (D:1)
  A bat (D:1)
  An endoplasm (D:1)
  A giant cockroach (D:1)
  3 goblins (D:1)
  2 hobgoblins (D:1)
  5 kobolds (D:1)
  A ball python (D:2)
  2 frilled lizards (D:1)
  2 rats (D:1)
21 creatures vanquished.

Notes
Turn   | Place    | Note
-------+----------+-------------------------------------------
     0 | D:1      | sizableburger the Human Monk began the quest for the Orb.
     0 | D:1      | Reached XP level 1. HP: 18/18 MP: 1/1
    81 | D:1      | Reached XP level 2. HP: 22/24 MP: 2/2
   286 | D:1      | Reached XP level 3. HP: 23/29 MP: 3/3
   534 | D:2      | Slain by a worm

Illustrated notes

Levels and vault maps discovered:
D:1:      dpeg_arrival_pond, layout_basic
D:2:      layout_loops_corners, minmay_fractal_squares_5

Action                     || total
---------------------------++-------
  Melee: Falchion          ||    52
 Armour: Robe              ||     7
  Dodge: Dodged            ||    42
